 Dungeon Crawl Stone Soup version 0.30-a0-632-g346586fe48 (webtiles) character file.

Game seed: 14646914109887106719

2305743 jfcaron the End of an Era (level 27, 273/273 HPs)
             Began as a Hill Orc Delver on Jan 8, 2023.
             Was the Champion of Qazlal.
             Escaped with the Orb
             ... and 4 runes on Jan 14, 2023!
             The game lasted 04:50:35 (70836 turns).

jfcaron the End of an Era (Hill Orc Delver)        Turns: 70836, Time: 04:50:36

Health: 273/273    AC: 43    Str: 24    XL:     27
Magic:  49/49      EV: 12    Int: 14    God:    Qazlal [******]
Gold:   2991       SH: 25    Dex: 17    Spells: 20/26 levels left

rFire   + + +      SeeInvis +    a - +9 broad axe (flame)
rCold   + . .      Faith    .    O - +2 kite shield
rNeg    . . .      Spirit   .    d - +3 gold dragon scales
rPois   +          Reflect  .    h - +2 helmet {SInv}
rElec   +          Harm     .    Z - +2 cloak of Qazil {Dex+2 Stlth+}
rCorr   +          Rampage  .    U - +0 pair of gloves "Aheptol" {Contam rF+ Will++}
Will    +++++      Clarity  +    t - +3 pair of boots of Wuint {rF+ Str-2 Dex+4 Stlth+} Stlth
                                 T - amulet of Vitality {RegenMP++ Regen++}
HPRegen 2.25/turn                N - ring of Ymoqeipt {Will+ Slay+4}
MPRegen 1.11/turn                M - ring "Ikiten" {rElec rCorr MP+9}

@: magic-sapped, hasted, studying Unarmed Combat, repel missiles, very quick
A: talons 1, clarity, clever 1, screaming 1, weak 1, wild magic 1
0: Orb of Zot
}: 4/15 runes: decaying, slimy, silver, gossamer
a: Renounce Religion, Upheaval, Elemental Force, Disaster Area


You escaped.
You worshipped Qazlal.
Qazlal was exalted by your worship.
You visited 11 branches of the dungeon, and saw 55 of its levels.
You visited 1 bazaar.
You also visited: Trove and Volcano.

You collected 10891 gold pieces.
You spent 7900 gold pieces at shops.

Inventory:

Hand Weapons
 a - a +9 broad axe of flaming (weapon)
   (You took it off an orc warrior on level 1 of the Orcish Mines)
Missiles
 F - 6 silver javelins (quivered) {!f}
 L - 10 javelins
 Q - 13 curare-tipped darts {!f}
 S - 12 boomerangs of dispersal {!f}
Armour
 d - +3 gold dragon scales (worn)
 h - a +2 helmet of see invisible (worn)
   (You found it on level 5 of the Pits of Slime)
 t - the +3 pair of boots of Wuint (worn) {rF+ Str-2 Dex+4 Stlth+}
   (You found it on level 1 of the Crypt)

   Str:       It affects your strength (-2).
   Dex:       It affects your dexterity (+4).
   rF:        It protects you from fire.
   Stlth:     It makes you more stealthy.
 O - a +2 kite shield (worn)
 U - the +0 pair of gloves "Aheptol" (worn) {Contam rF+ Will++}
   (You found it on level 2 of the Realm of Zot)

   rF:        It protects you from fire.
   Contam:    It causes magical contamination when unequipped.
   Will:      It greatly increases your willpower.
 Z - the +2 cloak of Qazil (worn) {Dex+2 Stlth+}
   (You found it on level 5 of the Lair of Beasts)

   Dex:       It affects your dexterity (+2).
   Stlth:     It makes you more stealthy.
Jewellery
 b - the ring of Geulid {rPois rF++ rN+ Will+ rCorr Dex-5}
   (You took it off an ironbound convoker on level 5 of the Vaults)

   [ring of positive energy]

   Dex:       It affects your dexterity (-5).
   rF:        It greatly protects you from fire.
   rPois:     It protects you from poison.
   rN:        It protects you from negative energy.
   rCorr:     It protects you from acid and corrosion.
   Will:      It increases your willpower.
 M - the ring "Ikiten" (right hand) {rElec rCorr MP+9}
   (You found it on level 3 of the Crypt)

   [ring of resist corrosion]

   rElec:     It insulates you from electricity.
   MP:        It affects your magic capacity (+9).
   rCorr:     It protects you from acid and corrosion.
 N - the ring of Ymoqeipt (left hand) {Will+ Slay+4}
   (You took it off a vault sentinel on level 5 of the Vaults)

   [ring of slaying]

   Slay:      It affects your accuracy & damage with ranged weapons and melee
   (+4).
   Will:      It increases your willpower.
 T - the amulet of Vitality (around neck) {RegenMP++ Regen++}
   (You bought it in a shop on level 2 of the Orcish Mines)

   [amulet of magic regeneration]

   It increases your rate of magic regeneration.
   Regen:     It increases your rate of health regeneration.
Wands
 c - a wand of roots (3)
 i - a wand of mindburst (27)
   (You found it on level 1 of the Elven Halls)
 k - a wand of paralysis (43)
   (You found it in a volcano)
 u - a wand of polymorph (23)
   (You found it on level 4 of the Lair of Beasts)
 v - a wand of flame (13)
 X - a wand of quicksilver (8)
   (You found it on level 3 of the Realm of Zot)
Scrolls
 e - 9 scrolls of fear
 f - 10 scrolls of fog
 m - 2 scrolls of butterflies
 r - 16 scrolls of immolation
 B - 14 scrolls of poison
 D - 9 scrolls of vulnerability
 I - 2 scrolls of silence
 K - 22 scrolls of teleportation
 R - 11 scrolls of blinking
Potions
 j - 7 potions of berserk rage
 l - 2 potions of invisibility
 n - 18 potions of heal wounds
 o - 8 potions of might
 p - 6 potions of lignification
 s - 6 potions of resistance
 w - 7 potions of flight
 x - 18 potions of ambrosia
 z - 21 potions of curing
 C - 8 potions of mutation
 E - 5 potions of magic
 G - 6 potions of haste
 V - 7 potions of attraction
 W - 10 potions of cancellation
Miscellaneous
 q - a condenser vane
   (You bought it in a shop on level 6 of the Dungeon)
 y - a phial of floods
   (You found it in a treasure trove)
 A - a tin of tremorstones (2/2)
   (You found it on level 3 of the Swamp)
 H - a lightning rod (4/4)
   (You found it on level 3 of the Lair of Beasts)
 J - a phantom mirror (inert)
   (You found it on level 4 of the Vaults)
 P - a box of beasts
   (You found it on level 2 of the Lair of Beasts)
 Y - a phial of floods
   (You found it on level 3 of the Vaults)


   Skills:
 O Level 27 Fighting
 - Level 20.0 Axes
 - Level 7.0 Throwing
 + Level 23.5 Armour
 + Level 15.3 Dodging
 - Level 4.1 Stealth
 + Level 17.5 Shields
 - Level 12.0 Translocations
 O Level 27 Invocations
 + Level 20.3 Evocations


You had 20 spell levels left.
You knew the following spells:

 Your Spells              Type           Power      Damage    Failure   Level
a - Blink                 Tloc           86%        N/A       9%          2
b - Passwall              Tmut/Erth      0%         N/A       100%        2
c - Wereblood             Tmut           0%         N/A       100%        2

Your spell library contained the following spells:

 Spells                   Type           Power      Damage    Failure   Level
 Gell's Gravitas          Tloc           43%        N/A       16%         3
 Lesser Beckoning         Tloc           86%        N/A       16%         3
 Teleport Other           Tloc           43%        N/A       16%         3
 Manifold Assault         Tloc           43%        N/A       45%         4
 Passage of Golubria      Tloc           43%        N/A       45%         4
 Momentum Strike          Conj/Tloc      42%        3d9       63%         2
 Portal Projectile        Hex/Tloc       42%        N/A       85%         3
 Beastly Appendage        Tmut           0%         N/A       99%         1
 Kiss of Death            Conj/Necr      0%         2d5       99%         1
 Magic Dart               Conj           0%         1d3       99%         1
 Necrotise                Necr           0%         1d4       99%         1
 Sandblast                Erth           0%         2d4       99%         1
 Shock                    Conj/Air       0%         1d3       99%         1
 Slow                     Hex            0%         N/A       99%         1
 Summon Small Mammal      Summ           0%         N/A       99%         1
 Call Imp                 Summ           0%         N/A       100%        2
 Cigotuvi's Dreadful Rot  Necr/Pois/Air  0%         N/A       100%        2
 Ensorcelled Hibernation  Hex/Ice        0%         N/A       100%        2
 Poisonous Vapours        Pois/Air       0%         N/A       100%        2
 Searing Ray              Conj           0%         2d4       100%        2
 Static Discharge         Conj/Air       0%         2-2/arc   100%        2
 Sublimation of Blood     Necr           0%         N/A       100%        2
 Call Canine Familiar     Summ           0%         N/A       100%        3
 Confusing Touch          Hex            0%         N/A       100%        3
 Inner Flame              Hex/Fire       0%         N/A       100%        3
 Mephitic Cloud           Conj/Pois/Air  0%         N/A       100%        3
 Ozocubu's Armour         Ice            0%         N/A       100%        3
 Spider Form              Tmut/Pois      0%         N/A       100%        3
 Stone Arrow              Conj/Erth      0%         3d7       100%        3
 Summon Guardian Golem    Hex/Summ       0%         N/A       100%        3
 Swiftness                Air            0%         N/A       100%        3
 Vampiric Draining        Necr           0%         2d6       100%        3
 Airstrike                Air            0%         2d(0-16)  100%        4
 Anguish                  Hex/Necr       0%         N/A       100%        4
 Animate Dead             Necr           0%         N/A       100%        4
 Cause Fear               Hex            0%         N/A       100%        4
 Dispel Undead            Necr           0%         3d6       100%        4
 Flame Wave               Conj/Fire      0%         2d4       100%        4
 Fulminant Prism          Conj/Hex       0%         3d5       100%        4
 Leda's Liquefaction      Hex/Erth       0%         N/A       100%        4
 Olgreb's Toxic Radiance  Pois           0%         N/A       100%        4
 Petrify                  Tmut/Erth      0%         N/A       100%        4
 Sticky Flame             Conj/Fire      0%         2d3       100%        4
 Summon Ice Beast         Ice/Summ       0%         N/A       100%        4
 Summon Lightning Spire   Summ/Air       0%         N/A       100%        4
 Agony                    Necr           0%         N/A       100%        5
 Alistair's Intoxication  Tmut/Pois      0%         N/A       100%        5
 Borgnjor's Vile Clutch   Necr/Erth      0%         N/A       100%        5
 Irradiate                Conj/Tmut      0%         3d11      100%        5
 Iskenderun's Battlesphe  Conj           0%         2d6       100%        5
 Lightning Bolt           Conj/Air       0%         1d11      100%        5
 Metabolic Englaciation   Hex/Ice        0%         N/A       100%        5
 Silence                  Hex/Air        0%         N/A       100%        5
 Summon Mana Viper        Hex/Summ       0%         N/A       100%        5
 Conjure Ball Lightning   Conj/Air       0%         3x3d6     100%        6
 Death Channel            Necr           0%         N/A       100%        6
 Dispersal                Tloc           21%        N/A       100%        6
 Eringya's Noxious Bog    Tmut/Pois      0%         N/A       100%        6
 Iron Shot                Conj/Erth      0%         9d1       100%        6
 Statue Form              Tmut/Erth      0%         N/A       100%        6
 Dragon Form              Tmut           0%         N/A       100%        7
 Enfeeble                 Hex            0%         N/A       100%        7
 Haunt                    Necr/Summ      0%         N/A       100%        7
 Monstrous Menagerie      Summ           0%         N/A       100%        7
 Ozocubu's Refrigeration  Ice            0%         4d7       100%        7
 Spellforged Servitor     Conj/Summ      0%         N/A       100%        7
 Storm Form               Tmut/Air       0%         N/A       100%        7
 Summon Hydra             Summ           0%         N/A       100%        7
 Discord                  Hex            0%         N/A       100%        8
 Disjunction              Tloc           21%        N/A       100%        8
 Ignition                 Fire           0%         3d3       100%        8
 Lehudib's Crystal Spear  Conj/Erth      0%         10d2      100%        8


Dungeon Overview and Level Annotations

Branches:
Dungeon (15/15)            Temple (0/1) D:5            Lair (5/5) D:11
  Swamp (4/4) Lair:2       Spider (4/4) Lair:2        Slime (5/5) Lair:4
    Orc (2/2) D:10            Elf (3/3) Orc:2        Vaults (5/5) D:14
  Crypt (3/3) Vaults:3       Tomb (0/3) Crypt:3      Depths (4/4) D:15
    Zot (5/5) Depths:4    Volcano (visited)

Altars:
Ashenzari
Fedhas
Gozag
Hepliaklqana
Kikubaaqudgha
Makhleb
Nemelex Xobeh
Qazlal
Sif Muna
Xom
Yredelemnul
Beogh
Jiyva

Shops:
D:5 [   D:6 *   D:10 [   Orc:1 *   Orc:2 =?:[   Vaults:4 (   Crypt:3 *

Portals:
Hell: Depths:1 Depths:2 Depths:3 Depths:4
Abyss: Depths:3 Depths:4
Pandemonium: Depths:2 Depths:3
Ziggurat: Depths:2

Annotations:
Elf:2 helmet


Innate Abilities, Weirdness & Mutations

You have sharp toenails.
You possess an exceptional clarity of mind.
Your mind is acute. (Int +4, Str/Dex -1)
You occasionally shout uncontrollably at your foes.
You are weak. (Str -2)
Your spells are a little harder to cast, but a little more powerful.


Message History

The demonspawn warmonger attacks as you move away!
You block the demonspawn warmonger's attack.
The demonspawn warmonger claws you but does no damage.
You block the demonspawn warmonger's attack.
You feel sick.
The demonspawn warmonger hits you but does no damage.
The demonspawn warmonger claws you.
You block the demonspawn warmonger's attack.
The demonspawn warmonger attacks as you move away!
The demonspawn warmonger hits you with a +2 dire flail of venom!
The demonspawn warmonger claws you but does no damage.
You block the demonspawn warmonger's attack.
Your surroundings suddenly seem different.
You feel sick.
Unknown command.
(D) Dungeon (T) Temple (L) Lair (S) Swamp (N) Spider Nest (M) Slime Pits (O) Orcish Mines (E) Elven Halls (V) Vaults (C) Crypt (W) Tomb (U) Depths (H) Hell (Z) Zot
Where to? (Enter - D:1 @ (x,y), ? - help)
Okay, then.
You feel yourself speed up.
You feel sick.
(D) Dungeon (T) Temple (L) Lair (S) Swamp (N) Spider Nest (M) Slime Pits (O) Orcish Mines (E) Elven Halls (V) Vaults (C) Crypt (W) Tomb (U) Depths (H) Hell (Z) Zot
Where to? (Enter - D:1 @ (x,y), ? - help)
What level of the Dungeon? (default 1, ? - help)
Okay, then.
You feel better.
(D) Dungeon (T) Temple (L) Lair (S) Swamp (N) Spider Nest (M) Slime Pits (O) Orcish Mines (E) Elven Halls (V) Vaults (C) Crypt (W) Tomb (U) Depths (H) Hell (Z) Zot
Where to? (Enter - D:1 @ (x,y), ? - help)
What level of the Dungeon? (default 1, ? - help) HP restored.
There is a staircase leading out of the dungeon here.
Okay, then.
You have escaped!

.....#
##.~~..P..~~~P.##
######
#~~PP...~.~P....#
#.~.P...PP.P....#
##~~~...°.~.P..##
#~~~...P..~..≈~.#
#.~#....P..§P.P.#
##~#..~..P..§~P.#
##....°...§.~~.#
#.....°@§.~~..#
###############


There were no monsters in sight!

Vanquished Creatures
  the Royal Jelly (Slime:5)
  3 dread liches
  Tiamat (Zot:4)
  4 ancient liches
  6 orbs of fire
  Mara (Vaults:3)
  Josephina (Zot:4)
  Bai Suzhen (Elf:3)
  Saint Roka (Vaults:4)
  7 Killer Klowns
  2 curse toes
  A profane servitor (Crypt:2)
  Jory (Vaults:2)
  9 golden dragons
  Arachne (Spider:3)
  4 electric golems
  The ghost of Olih Byd the Warrior, an adept GrFi of Cheibriados (Crypt:3)
  The ghost of Bavo the Warrior, an adept GrFi of Cheibriados (Crypt:2)
  19 tentacled monstrosities
  3 liches
  Jorgrun (Elf:2)
  26 Orb Guardians
  3 quicksilver dragons
  4 titans
  5 deep elf blademasters (Elf:3)
  3 deep elf master archers
  8 ancient champions
  13 acid blobs
  4 sphinxes
  The ghost of testman the Bludgeoner, an adept TrBe of Trog (Swamp:3)
  The ghost of ctx the Gnoll Aeon, an adept GnEE of Cheibriados (Swamp:3)
  Agnes (D:14)
  5 death cobs
  Gastronok (D:12)
  The ghost of KryptKrawler the Executioner, an adept HOMo of Beogh (Elf:2)
  10 shadow dragons
  8 tengu reavers
  Donald (Vaults:3)
  A revenant (Crypt:3)
  3 draconian monks
  Roxanne (Spider:3)
  17 storm dragons
  9 rockslimes
  A thorn hunter (Swamp:3)
  11 azure jellies
  9 frost giants
  The ghost of Likado the Skirmisher, an adept DsRe of Fedhas (Swamp:3)
  10 fire giants
  2 daevas
  2 fenstrider witches (Swamp:2)
  7 draconian knights
  13 vault wardens
  4 iron dragons
  5 emperor scorpions
  7 draconian scorchers
  9 deep elf sorcerers
  15 draconian shifters
  The ghost of snackwell the Fighter, a journeyman DsTm of Wu Jian (Swamp:3)
  Aizul (Elf:3)
  A balrug (Depths:3)
  Louise (Swamp:3)
  3 curse skulls
  6 ghost moths
  9 ghouls
  13 draconian annihilators
  10 draconian stormcallers
  The ghost of mccafe the Lord of Darkness, a journeyman DsMo of Kikubaaqudgha (Swamp:2)
  3 orc warlords
  A spriggan defender (Depths:2)
  A juggernaut skeleton (Crypt:1)
  17 stone giants
  A broodmother (shapeshifter) (Vaults:5)
  4 broodmothers (Spider:4)
  10 quicksilver oozes
  30 very ugly things
  The ghost of Yvvazola the Unseen, a journeyman GrWn of Dithmenos (D:15)
  18 ironbound preservers
  2 war gargoyles
  2 ironbound thunderhulks
  3 deep elf demonologists
  14 green draconians
  12 vampire knights
  4 eleionomae
  15 black draconians
  22 yellow draconians
  5 dire elephants
  2 bunyips (Swamp:1)
  9 deep elf annihilators
  15 red draconians
  12 spark wasps
  18 white draconians
  14 purple draconians
  9 eidola
  6 deep elf death magi
  A quicksilver dragon zombie (Crypt:3)
  15 ettins
  11 fire dragons
  A mummy priest (Crypt:3)
  9 yaktaur captains
  2 crystal guardians (Vaults:4)
  6 deep elf high priests
  16 jiangshi
  A shambling mangrove (Swamp:4)
  8 great orbs of eyes
  7 entropy weavers
  3 peacekeepers
  17 hydras
  7 ice dragons
  5 catoblepae
  A death knight (Crypt:2)
  27 vault guards
  13 ironbound frosthearts
  3 ogre magi (Vaults:5)
  2 spriggan air magi
  8 radroaches
  3 jorogumos
  A bennu zombie (Crypt:2)
  4 centaur warriors
  A spriggan skeleton (Crypt:3)
  3 ghost crabs
  29 dancing weapons
  3 two-headed ogres
  8 alligators
  7 boulder beetles
  6 deep troll shamans
  A death yak (shapeshifter) (Vaults:5)
  7 death yaks (Lair:5)
  7 deep troll earth magi
  A two-headed ogre (shapeshifter) (Vaults:5)
  4 spriggan berserkers
  3 tengu warriors
  7 vampire magi
  5 orc high priests
  A shock serpent (shapeshifter) (D:11)
  7 hell knights
  A titan skeleton (Depths:1)
  A sixfirhy (Depths:3)
  4 iron trolls
  2 soul eaters
  20 deep elf knights
  2 shadow wraiths
  A fire crab (Swamp:4)
  7 pharaoh ants
  A sea snake (shapeshifter) (Vaults:5)
  2 goliath frogs
  11 skeletal warriors
  A sun moth (Spider:2)
  61 deep trolls
  A spriggan druid (Swamp:3)
  An iron giant zombie (Crypt:1)
  7 swamp dragons (Swamp:4)
  4 glowing orange brains
  An obsidian statue (Crypt:3)
  Pikel (D:4)
  10 phantasmal warriors
  9 bog bodies
  14 deep elf archers
  6 steelbarb worms
  13 orc knights
  16 orb spiders
  5 flayed ghosts
  An orange crystal statue (Vaults:1)
  8 wizards
  13 lindwurms
  21 ugly things
  20 ironbound convokers
  4 necromancers
  30 deep elf zephyrmancers
  An iron dragon zombie (Crypt:3)
  A harpy (Vaults:1)
  A jorogumo zombie (Crypt:1)
  32 wolf spiders
  A wolf spider zombie (Crypt:1)
  A manticore (shapeshifter) (Elf:2)
  4 manticores
  A fire giant zombie (Depths:1)
  18 deep elf pyromancers
  3 oklob plants
  29 moths of wrath
  5 orc sorcerers
  6 shining eyes
  6 will-o-the-wisps
  A shadow dragon skeleton (Crypt:1)
  An iron dragon skeleton (Depths:1)
  11 cyclopes
  8 elephants
  5 toenail golems (Volcano)
  9 demonic crawlers
  16 vault sentinels
  A black mamba (shapeshifter) (D:15)
  A frost giant skeleton (Crypt:2)
  A smoke demon (Depths:3)
  2 rust devils
  7 torpor snails
  2 eyes of devastation (Slime:5)
  A green draconian zombie (Crypt:1)
  A gargoyle (D:13)
  13 cane toads
  An unseen horror (D:10)
  2 white draconian zombies
  A rime drake (Lair:4)
  3 centaur skeletons (D:14)
  Maggie (D:10)
  An orb spider zombie (Crypt:3)
  4 kobold demonologists
  10 freezing wraiths
  22 yaktaurs
  9 komodo dragons
  An anaconda simulacrum (Crypt:2)
  3 tengu conjurers
  A ghost moth simulacrum (Zot:4)
  2 harpy zombies (Crypt:3)
  7 guardian mummies
  A red devil (Depths:3)
  A hellwing (Depths:3)
  A grey draconian skeleton (Crypt:3)
  An unseen horror skeleton (Crypt:1)
  3 polar bears
  8 tyrant leeches
  7 trolls
  Grinder (D:4)
  4 bloated husks
  9 meliai
  9 hornets
  A harpy skeleton (Crypt:3)
  26 tarantellas
  An iron dragon simulacrum (Crypt:3)
  7 blink frogs
  A draconian simulacrum (Zot:4)
  A centaur simulacrum (D:15)
  21 jumping spiders
  95 slime creatures
  A shadow (D:11)
  7 spriggans
  13 water elementals
  8 air elementals
  8 wraiths
  2 fire elementals (Elf:1)
  A naga simulacrum (Crypt:3)
  A yak (shapeshifter) (Vaults:5)
  25 culicivoras
  58 yaks
  An ettin skeleton (Crypt:2)
  3 vampires
  A basilisk (D:15)
  A neqoxec (Depths:3)
  A wyvern (D:9)
  15 golden eyes
  A black mamba skeleton (Crypt:2)
  4 steam dragons
  55 redbacks
  Grum (D:10)
  22 vampire mosquitoes
  22 swamp worms
  Edmund (D:4)
  2 two-headed ogre zombies
  An acid dragon (D:13)
  2 wargs (Orc:2)
  A demonspawn skeleton (Crypt:3)
  13 water moccasins
  A floating eye (Depths:1)
  3 moth of wrath simulacra (Zot:4)
  12 swamp drakes
  Duvessa (D:4)
  A glowing shapeshifter skeleton (Depths:1)
  An ice beast (D:8)
  A fire bat skeleton (Crypt:2)
  A sky beast (D:6)
  34 orc warriors
  A black bear (shapeshifter) (Vaults:4)
  21 wolves
  7 ogres
  3 boggarts (D:14)
  A swamp dragon zombie (Crypt:3)
  14 centaurs
  2 lemures (D:4)
  2 phantoms
  2 kobold brigands (D:9)
  12 bullfrogs
  A gnoll sergeant (D:6)
  8 scorpions
  4 necrophages
  4 earth elementals
  3 wights (D:10)
  Dowan (D:4)
  13 killer bees
  An electric eel (D:14)
  A bullfrog zombie (Crypt:3)
  A human zombie (Crypt:3)
  4 jellies
  3 hounds
  14 orc priests
  A gnoll bouda (D:10)
  3 iguanas
  Natasha (thrice) (D:2)
  18 orc wizards
  10 hell rats
  A boggart skeleton (D:14)
  A mummy (Crypt:3)
  11 gnolls
  13 adders
  2 shadow imps (D:7)
  A white imp (D:6)
  An ufetubus (D:5)
  An adder zombie (Crypt:3)
  A jelly zombie (Crypt:2)
  4 worms
  5 dart slugs
  89 orcs
  7 ball pythons
  2 bats
  9 endoplasms
  3 giant cockroaches
  6 goblins
  6 hobgoblins
  6 jackals
  5 quokkas
  A ball python zombie (Crypt:2)
  3 frilled lizards
  14 kobolds
  An orc skeleton (Crypt:1)
  3 rats
  A rat skeleton (Crypt:3)
  4 butterflies (Lair:1)
  38 foxfires
  20 fungi
  37 plants
  3 withered plants
2395 creatures vanquished.

Notes
Turn   | Place    | Note
-------+----------+-------------------------------------------
     0 | D:5      | jfcaron the Hill Orc Delver began the quest for the Orb.
     0 | D:5      | Reached XP level 1. HP: 19/19 MP: 1/1
    75 | D:4      | Reached XP level 2. HP: 22/27 MP: 2/2
   120 | D:4      | Noticed a scorpion
   225 | D:4      | Found a sparkling altar of Nemelex Xobeh.
   246 | D:4      | Reached XP level 3. HP: 28/33 MP: 3/3
   262 | D:4      | Noticed a scorpion
   329 | D:3      | Found a stormy altar of Qazlal.
   359 | D:3      | Reached XP level 4. HP: 25/40 MP: 4/4
   373 | D:3      | Reached skill level 5 in Axes
   390 | D:3      | Became a worshipper of Qazlal Stormbringer
   676 | D:3      | Found an ancient bone altar of Kikubaaqudgha.
   737 | D:2      | Found a faded altar of an unknown god.
   784 | D:2      | Noticed a phantom
  1650 | D:2      | Killed a phantom
  1651 | D:2      | Reached skill level 1 in Armour
  1651 | D:2      | Reached skill level 1 in Invocations
  1651 | D:2      | Reached XP level 5. HP: 45/47 MP: 4/6
  1702 | D:2      | Reached skill level 1 in Evocations
  1804 | D:2      | Noticed Natasha
  1812 | D:2      | Reached * piety under Qazlal
  1817 | D:2      | Killed Natasha
  2410 | D:2      | Noticed Natasha
  2424 | D:2      | Killed Natasha
  2425 | D:2      | Reached XP level 6. HP: 44/53 MP: 7/7
  2562 | D:2      | Noticed Natasha
  2579 | D:2      | Killed Natasha
  2956 | D:3      | Found a hazy altar of Hepliaklqana.
  3828 | D:4      | Reached XP level 7. HP: 60/60 MP: 8/8
  3881 | D:4      | Noticed Duvessa
  3881 | D:4      | Noticed Dowan
  3902 | D:4      | HP: 8/60 [Dowan/puff of flame (6)]
  3905 | D:4      | Killed Dowan
  3906 | D:4      | Killed Duvessa
  3907 | D:4      | Reached skill level 5 in Fighting
  4335 | D:4      | Noticed Grinder
  4382 | D:4      | Reached ** piety under Qazlal
  4390 | D:4      | Killed Grinder
  4391 | D:4      | Reached XP level 8. HP: 63/68 MP: 10/10
  4448 | D:4      | Noticed Edmund
  4467 | D:4      | HP: 13/68 [poisoned by Edmund]
  4468 | D:4      | Killed Edmund
  4472 | D:4      | HP: 10/68 [poisoned by Edmund]
  4851 | D:4      | Reached skill level 5 in Armour
  5124 | D:4      | Noticed Pikel
  5143 | D:4      | Killed Pikel
  5144 | D:4      | Reached skill level 5 in Invocations
  5144 | D:4      | Reached XP level 9. HP: 52/74 MP: 12/12
  5628 | D:5      | Found a staircase to the Ecumenical Temple.
  5678 | D:5      | Found Onufay Hiov's Armour Emporium.
  5910 | D:5      | Identified the +0 helmet "Taginy" {Int+8}
  5952 | D:5      | Bought an orb of mayhem for 143 gold pieces
  5957 | D:5      | Bought a +2 cloak for 181 gold pieces
  6351 | D:6      | Reached skill level 10 in Axes
  6423 | D:6      | Found a large runed translucent door.
  6424 | D:6      | Found a large runed translucent door.
  6438 | D:6      | Got the Compilation of the Fifth Circle and Anathema
  6554 | D:6      | Found Gaetorul's Assorted Antiques.
  7710 | D:8      | Noticed a troll
  7719 | D:8      | Killed a troll
  7720 | D:8      | Reached skill level 5 in Evocations
  7862 | D:8      | Reached XP level 10. HP: 40/81 MP: 13/13
  8311 | D:8      | Reached *** piety under Qazlal
  9217 | D:9      | Noticed a kobold demonologist
  9219 | D:9      | Killed a kobold demonologist
  9224 | D:9      | Noticed a kobold demonologist
  9224 | D:9      | Noticed a kobold demonologist
  9229 | D:9      | Noticed a soul eater
  9235 | D:9      | Killed a kobold demonologist
  9235 | D:9      | Killed a kobold demonologist
  9236 | D:9      | Reached skill level 10 in Armour
  9236 | D:9      | HP: 15/86 [kobold brigand/+1 short sword of distortion
                  | (25)]
  9800 | D:9      | Reached XP level 11. HP: 94/97 MP: 14/14
 10118 | D:9      | Paralysed by a hornet for 2 turns
 10390 | D:10     | Entered Level 10 of the Dungeon
 10404 | D:10     | Noticed Grum
 10421 | D:9      | Reached skill level 10 in Fighting
 10478 | D:10     | Killed Grum
 10647 | D:10     | Reached skill level 1 in Shields
 10679 | D:10     | Found Yne Adem's Armour Emporium.
 10681 | D:10     | Found a staircase to the Orcish Mines.
 10847 | D:10     | Bought a +2 pair of gloves of dexterity for 258 gold pieces
 10857 | D:10     | Found the +4 dagger "Morg" {pain, Will+ Int+5}
 10884 | D:10     | Noticed Maggie
 10901 | D:10     | Killed Maggie
 11030 | D:10     | Reached **** piety under Qazlal
 11420 | D:10     | Reached skill level 15 in Axes
 11431 | D:10     | Found a basalt altar of Yredelemnul.
 11807 | D:10     | Upgraded the game from 0.30-a0-613-gdd512c7efb to
                  | 0.30-a0-622-gddc90eaa04
 11880 | D:11     | Found a staircase to the Lair.
 11978 | D:11     | Noticed a cyan ugly thing
 11996 | D:11     | Killed a cyan ugly thing
 12164 | D:11     | Noticed a manticore
 12164 | D:11     | a manticore changed into a shock serpent
 12164 | D:11     | Noticed a shock serpent (shapeshifter)
 12173 | D:11     | Killed a shock serpent
 12208 | D:11     | Reached skill level 5 in Shields
 12315 | D:11     | Found a portal to a secret trove of treasure.
 12562 | D:11     | Noticed a cyclops
 12573 | D:11     | Killed a cyclops
 12702 | Lair:1   | Entered Level 1 of the Lair of Beasts
 12721 | Lair:1   | Reached XP level 12. HP: 78/106 MP: 18/18
 13894 | Lair:2   | Reached skill level 10 in Invocations
 13918 | Lair:2   | Found a dark tunnel.
 13929 | Volcano  | Entered a volcano
 13998 | Volcano  | Reached skill level 10 in Shields
 14079 | Volcano  | Reached skill level 1 in Throwing
 14374 | Lair:2   | Reached XP level 13. HP: 76/113 MP: 20/20
 14536 | Lair:2   | Found a staircase to the Swamp.
 14705 | Lair:2   | Found a hole to the Spider Nest.
 16665 | Orc:1    | Entered Level 1 of the Orcish Mines
 16665 | Orc:1    | Found a roughly hewn altar of Beogh.
 17043 | Orc:1    | Found Xale Soh's Assorted Antiques.
 17152 | Orc:1    | Found a roughly hewn altar of Beogh.
 17402 | Orc:2    | Entered Level 2 of the Orcish Mines
 17402 | Orc:2    | Found a staircase to the Elven Halls.
 17435 | Orc:2    | Noticed an orc warlord
 17442 | Orc:2    | Killed an orc warlord
 17465 | Orc:2    | Noticed an ettin
 17481 | Orc:2    | Killed an ettin
 17659 | Orc:1    | Bought a potion of curing for 72 gold pieces
 17739 | Orc:2    | Reached ***** piety under Qazlal
 17792 | Orc:2    | Reached XP level 14. HP: 115/124 MP: 22/22
 17834 | Orc:2    | Found Fateokau's Antique Armour Boutique.
 17834 | Orc:2    | Found Ozapie Huto's Jewellery Shoppe.
 17841 | Orc:2    | Found Teafeeh's Book Boutique.
 17841 | Orc:2    | Found Siekoak's Magic Scroll Shoppe.
 18360 | Orc:2    | Bought a scroll of teleportation for 42 gold pieces
 18700 | Orc:2    | Bought a scroll of acquirement for 728 gold pieces
 18700 | Orc:2    | Acquired 784 gold pieces
 18915 | Lair:4   | Found a viscous altar of Jiyva.
 18916 | Lair:4   | Found a staircase to the Slime Pits.
 19096 | Orc:2    | Bought the amulet of Vitality {RegenMP++ Regen++} for 1400
                  | gold pieces
 19096 | Orc:2    | Found the amulet of Vitality {RegenMP++ Regen++}
 19396 | Lair:4   | Reached skill level 5 in Dodging
 19957 | Lair:5   | Entered Level 5 of the Lair of Beasts
 20463 | Lair:5   | Identified the +2 cloak of Qazil {Dex+2 Stlth+}
 20684 | Lair:5   | Identified the +5 ring mail of the Devil's Advocate {SInv}
 20930 | Lair:5   | Identified the +7 dagger "Ped Cae" {flame, rF+ Int+4 Dex+3}
 21618 | D:6      | Found a shimmering altar of Xom.
 21635 | D:6      | Found an opulent altar of Gozag.
 21785 | D:12     | Reached XP level 15. HP: 134/134 MP: 24/24
 21848 | D:12     | Noticed Gastronok
 21857 | D:12     | Killed Gastronok
 22353 | D:13     | Reached ****** piety under Qazlal
 22444 | D:13     | Found a blossoming altar of Fedhas.
 22919 | D:13     | Found the +9 staff of Olgreb {rPois∞}
 23479 | D:14     | Noticed Agnes
 23488 | D:14     | Killed Agnes
 23722 | D:14     | Noticed Nessos
 23725 | D:14     | Nessos changed into Nessos the cyclops
 23725 | D:14     | Noticed Nessos
 23737 | D:14     | Killed Nessos the cyclops
 23880 | D:14     | Found a gate to the Vaults.
 23895 | D:14     | Identified the +1 plate armour of Articulation {rF+}
 24212 | D:15     | Entered Level 15 of the Dungeon
 24299 | D:15     | Noticed Yvvazola's ghost (journeyman GrWn)
 24300 | D:15     | Found a runed translucent gate.
 24300 | D:15     | Found a runed translucent gate.
 24300 | D:15     | Found a runed translucent gate.
 24365 | D:15     | Found a staircase to the Depths.
 24855 | D:15     | Killed Yvvazola's ghost
 24856 | D:15     | Reached XP level 16. HP: 131/146 MP: 26/26
 25125 | Spider:1 | Entered Level 1 of the Spider Nest
 25130 | Spider:1 | Reached skill level 10 in Evocations
 25437 | Spider:1 | Reached skill level 15 in Invocations
 26053 | Spider:2 | Reached skill level 15 in Fighting
 26708 | Spider:3 | Reached skill level 15 in Armour
 27067 | Spider:3 | Noticed Arachne
 27078 | Spider:3 | Killed Arachne
 27097 | Spider:2 | Reached XP level 17. HP: 156/156 MP: 20/28
 27323 | Spider:3 | Identified Roxanne's Atlas of Shaping
 27323 | Spider:3 | Noticed Roxanne
 27761 | Spider:3 | Killed Roxanne
 27867 | Spider:4 | Entered Level 4 of the Spider Nest
 28339 | Spider:4 | Reached skill level 5 in Throwing
 29098 | Spider:4 | Got a gossamer rune of Zot
 29611 | D:6      | Bought a condenser vane for 1000 gold pieces
 29820 | Swamp:1  | Entered Level 1 of the Swamp
 29866 | Swamp:1  | Reached XP level 18. HP: 156/166 MP: 30/30
 30104 | Swamp:1  | Noticed a tentacled monstrosity
 30123 | Swamp:1  | Killed a tentacled monstrosity
 30233 | Swamp:1  | Found the +3 hat of Pondering {ponderous, Will+ MP+10
                  | Int+5}
 30729 | Swamp:2  | Found a runed translucent gate.
 30729 | Swamp:2  | Found a runed translucent gate.
 30730 | Swamp:2  | Found a runed translucent gate.
 30731 | Swamp:2  | Noticed mccafe's ghost (journeyman DsMo)
 31013 | Swamp:2  | Killed mccafe's ghost
 31078 | Swamp:3  | Found a runed translucent gate.
 31078 | Swamp:3  | Found a runed translucent gate.
 31078 | Swamp:3  | Found a runed translucent gate.
 31079 | Swamp:3  | Noticed Likado's ghost (adept DsRe)
 31079 | Swamp:3  | Noticed snackwell's ghost (journeyman DsTm)
 31080 | Swamp:3  | Noticed ctx's ghost (adept GnEE)
 31080 | Swamp:3  | Noticed testman's ghost (adept TrBe)
 31491 | Swamp:3  | Noticed Louise
 31500 | Swamp:3  | Killed Louise
 31717 | Swamp:3  | Killed snackwell's ghost
 31745 | Swamp:3  | Killed Likado's ghost
 31746 | Swamp:3  | Killed testman's ghost
 31878 | Swamp:3  | Killed ctx's ghost
 32019 | Swamp:4  | Entered Level 4 of the Swamp
 32607 | Swamp:4  | Got a decaying rune of Zot
 32958 | Swamp:4  | jfcaron: ??order
 32958 | Swamp:4  | beem: hyperelliptic[1/2]: D:11 -> Lair -> D:12 -> Orc ->
                  | D:15 -> S:3 -> maybe other S:3 -> get both S runes -> maybe
                  | Elf (but not the Elf:3 vault) -> Vaults:4 -> maybe Crypt ->
                  | Depths:4 -> Vaults:5 -> maybe Slime -> Zot ("S" means
                  | Shoals/Snake/Spider/Swamp)
 32958 | Swamp:4  | Upgraded the game from 0.30-a0-622-gddc90eaa04 to
                  | 0.30-a0-632-g346586fe48
 32958 | Swamp:4  | jfcaron: ??order
 32958 | Swamp:4  | beem: hyperelliptic[1/2]: D:11 -> Lair -> D:12 -> Orc ->
                  | D:15 -> S:3 -> maybe other S:3 -> get both S runes -> maybe
                  | Elf (but not the Elf:3 vault) -> Vaults:4 -> maybe Crypt ->
                  | Depths:4 -> Vaults:5 -> maybe Slime -> Zot ("S" means
                  | Shoals/Snake/Spider/Swamp)
 33143 | Vaults:1 | Entered Level 1 of the Vaults
 33206 | Vaults:1 | Reached XP level 19. HP: 142/174 MP: 31/31
 33892 | Vaults:1 | Acquired a manual of Evocations
 34946 | Vaults:2 | Noticed Jory
 34968 | Vaults:2 | Killed Jory
 36303 | Vaults:3 | Noticed Mara
 36310 | Vaults:3 | Noticed jfcaron's illusion
 36315 | Vaults:3 | Noticed jfcaron's illusion
 36315 | Vaults:3 | Killed Mara
 36316 | Vaults:3 | Reached skill level 10 in Dodging
 36316 | Vaults:3 | Reached XP level 20. HP: 180/187 MP: 30/33
 36366 | Vaults:3 | Noticed Donald
 36381 | Vaults:3 | Killed Donald
 36502 | Vaults:3 | Found a staircase to the Crypt.
 36502 | Vaults:3 | Found an ancient bone altar of Kikubaaqudgha.
 36503 | Vaults:3 | Found a basalt altar of Yredelemnul.
 36625 | Vaults:3 | Found a gateway to a bazaar.
 37784 | Vaults:4 | Paralysed by a great orb of eyes for 2 turns
 38118 | Vaults:4 | Found Getem's Antique Weapon Shop.
 38154 | Vaults:4 | Identified the +5 robe of Boiling Hail {rF+ Will+++ Str-2}
 38277 | Vaults:4 | Noticed Saint Roka
 38291 | Vaults:4 | Killed Saint Roka
 39034 | D:14     | Learned a level 2 spell: Blink
 39037 | D:14     | Learned a level 2 spell: Passwall
 39040 | D:14     | Learned a level 2 spell: Wereblood
 39152 | Crypt:1  | Entered Level 1 of the Crypt
 39403 | Crypt:1  | Reached skill level 15 in Evocations
 39852 | Crypt:1  | Reached XP level 21. HP: 193/195 MP: 34/34
 39995 | Crypt:1  | Identified the +3 pair of boots of Wuint {rF+ Str-2 Dex+4
                  | Stlth+}
 40210 | Crypt:2  | Noticed Bavo's ghost (adept GrFi)
 40734 | Crypt:2  | HP: 22/179 [??? (19)]
 41114 | Crypt:2  | Found a runed translucent gate.
 41114 | Crypt:2  | Found a runed translucent gate.
 41114 | Crypt:2  | Found a runed translucent gate.
 41473 | Crypt:3  | Entered Level 3 of the Crypt
 41802 | Crypt:3  | Found a runed translucent gate.
 41802 | Crypt:3  | Found a runed translucent gate.
 41802 | Crypt:3  | Found a runed translucent gate.
 41803 | Crypt:3  | Found an opulent altar of Gozag.
 41804 | Crypt:3  | Found Yczayhov's Assorted Antiques.
 41805 | Crypt:3  | Noticed Olih Byd's ghost (adept GrFi)
 42064 | Crypt:3  | Found a staircase to the Tomb.
 42631 | Crypt:2  | Reached skill level 15 in Shields
 42879 | Crypt:3  | Noticed a profane servitor
 42910 | Crypt:2  | Killed a profane servitor
 42952 | Crypt:3  | Noticed a curse toe
 42968 | Crypt:3  | Killed a curse toe
 43056 | Crypt:3  | Found a basalt altar of Yredelemnul.
 43064 | Crypt:3  | Found an ancient bone altar of Kikubaaqudgha.
 43109 | Crypt:3  | Got the Almanac of Stolen Souls
 43113 | Crypt:3  | Identified the ring "Ikiten" {rElec rCorr MP+9}
 43186 | Crypt:3  | Identified the amulet "Ashohied" {rElec rF++ Regen+}
 43186 | Crypt:3  | Identified the ring "Gootid Juept" {rElec rN+ Int+5 Slay-5}
 43189 | Crypt:3  | Identified the +11 rapier "Giantbane" {vamp, Dex+4}
 43488 | Crypt:3  | Paralysed by a vampire knight for 2 turns
 43626 | Crypt:3  | Killed Olih Byd's ghost
 43952 | Crypt:2  | Killed Bavo's ghost
 44623 | Elf:1    | Entered Level 1 of the Elven Halls
 44632 | Elf:1    | Paralysed by an air elemental for 1 turns
 45042 | Elf:1    | Paralysed by an air elemental for 1 turns
 45046 | Elf:1    | Reached XP level 22. HP: 203/206 MP: 36/36
 45457 | Elf:1    | Paralysed by an air elemental for 1 turns
 45631 | Elf:1    | Found a runed translucent gate.
 45631 | Elf:1    | Found a runed translucent gate.
 45631 | Elf:1    | Found a runed translucent gate.
 45631 | Elf:1    | Found a runed translucent gate.
 45631 | Elf:1    | Found a runed translucent gate.
 45633 | Elf:1    | Found a runed translucent gate.
 45928 | Elf:2    | Paralysed by an air elemental for 1 turns
 46248 | Elf:2    | Noticed KryptKrawler's ghost (adept HOMo)
 46342 | Elf:2    | Found a transporter.
 46349 | Elf:2    | Found a transporter.
 46571 | Elf:2    | Found a huge runed translucent gate.
 46571 | Elf:2    | Found a huge runed translucent gate.
 46571 | Elf:2    | Found a huge runed translucent gate.
 46573 | Elf:2    | Found a huge runed translucent gate.
 46574 | Elf:2    | Found a huge runed translucent gate.
 47173 | Elf:2    | Noticed Jorgrun
 47180 | Elf:2    | Killed Jorgrun
 47482 | Elf:3    | Entered Level 3 of the Elven Halls
 47732 | Elf:3    | Noticed Aizul
 47749 | Elf:3    | Killed Aizul
 47848 | Elf:3    | Noticed Bai Suzhen
 47867 | Elf:3    | Killed Bai Suzhen
 48133 | Elf:3    | Identified the ring of Qeannech {Fly rCorr Str+4 Int-2
                  | Slay+3}
 48158 | Elf:3    | HP: 32/209 [???[a deep elf demonologist] (30)]
 48821 | Elf:3    | Identified the +8 whip "Dragon's Tongue" {holy, rCorr
                  | Dex+4}
 48965 | Elf:3    | Found the +6 arbalest "Damnation" {damnation}
 48985 | Elf:3    | Identified the ring "Cozeish" {*Slow Fly rN+++ Str+2 Int-2}
 48992 | Elf:3    | Identified the +8 battleaxe of Oenomania {freeze, *Slow
                  | +Blink rCorr Int+3}
 49037 | Elf:3    | Identified the +2 morningstar of Oliev {flame, Fly Int+3
                  | Stlth-}
 49054 | Elf:3    | Identified the +8 whip of Inquiry {freeze, rElec rN+}
 49299 | Elf:2    | Reached skill level 1 in Translocations
 49299 | Elf:2    | Reached XP level 23. HP: 212/215 MP: 37/37
 49325 | Elf:2    | Killed KryptKrawler's ghost
 49345 | Elf:2    | Identified the +2 helmet "Egijeil" {rCorr Str+4}
 49688 | Bazaar   | Entered a bazaar
 49704 | Bazaar   | Found Yssunyo's Weapon Shoppe.
 49705 | Bazaar   | Found Mafaz's Distillery.
 49748 | Bazaar   | Found Zyru's Distillery.
 49748 | Bazaar   | Found Voonkial's Distillery.
 49791 | Bazaar   | Bought 5 stones for 7 gold pieces
 49791 | Bazaar   | Bought 5 stones for 7 gold pieces
 49810 | Bazaar   | Bought a potion of haste for 80 gold pieces
 49810 | Bazaar   | Bought 2 potions of heal wounds for 80 gold pieces
 49810 | Bazaar   | Bought a potion of cancellation for 64 gold pieces
 49810 | Bazaar   | Bought a potion of mutation for 64 gold pieces
 49810 | Bazaar   | Bought a potion of cancellation for 64 gold pieces
 49810 | Bazaar   | Bought a potion of curing for 24 gold pieces
 49810 | Bazaar   | Bought a potion of haste for 80 gold pieces
 49810 | Bazaar   | Bought a potion of haste for 80 gold pieces
 49830 | Bazaar   | Bought a potion of curing for 30 gold pieces
 49830 | Bazaar   | Bought a potion of heal wounds for 50 gold pieces
 49830 | Bazaar   | Bought a potion of mutation for 80 gold pieces
 49830 | Bazaar   | Bought a potion of heal wounds for 50 gold pieces
 49830 | Bazaar   | Bought a potion of curing for 30 gold pieces
 49830 | Bazaar   | Bought a potion of curing for 30 gold pieces
 49830 | Bazaar   | Bought 2 potions of ambrosia for 160 gold pieces
 50544 | Depths:1 | Entered Level 1 of the Depths
 50754 | Depths:1 | Reached skill level 5 in Translocations
 50821 | Depths:1 | Identified the +1 pair of gloves of Odozxaw {+Blink rPois
                  | rC- MP+9}
 50889 | Depths:1 | Found a gateway to Hell.
 51124 | Depths:1 | Found a burning altar of Makhleb.
 51426 | Depths:2 | Found a one-way gate leading to the halls of Pandemonium.
 51768 | Depths:2 | Found a one-way gateway to a ziggurat.
 52196 | Depths:2 | Identified the +0 sling of Kas Odd {freeze, rPois Str+3}
 52591 | Depths:3 | Found a broken altar of Ashenzari.
 52612 | Depths:3 | Reached skill level 15 in Dodging
 52629 | Depths:3 | Reached skill level 10 in Translocations
 52673 | Depths:3 | Found a one-way gate to the infinite horrors of the Abyss.
 53293 | Depths:4 | Entered Level 4 of the Depths
 53311 | Depths:4 | Noticed a golden dragon
 53328 | Depths:3 | Killed a golden dragon
 53329 | Depths:3 | Reached XP level 24. HP: 152/224 MP: 37/37
 53579 | Depths:4 | Found a gate to the Realm of Zot.
 54745 | Depths:4 | Found an opulent altar of Gozag.
 55323 | Orc:2    | Bought a scroll of enchant weapon for 105 gold pieces
 55324 | Orc:2    | Bought a scroll of silence for 133 gold pieces
 55388 | Orc:1    | Bought a potion of mutation for 192 gold pieces
 55658 | Vaults:5 | Entered Level 5 of the Vaults
 55675 | Vaults:4 | HP: 43/228 [ettin/+0 dire flail (18)]
 55862 | Vaults:5 | Noticed a dread lich
 55866 | Vaults:5 | Killed a dread lich
 55867 | Vaults:5 | Reached XP level 25. HP: 125/240 MP: 33/38
 55936 | Vaults:5 | Identified the ring of Geulid {rPois rF++ rN+ Will+ rCorr
                  | Dex-5}
 55949 | Vaults:5 | Identified the ring of Ymoqeipt {Will+ Slay+4}
 56070 | Vaults:5 | Identified the +10 whip "Ilickury" {freeze, rC+}
 56095 | Vaults:5 | Paralysed by an ogre mage for 5 turns
 56425 | Vaults:5 | Identified the +0 pair of gloves of Patterns {*Slow Int+4
                  | Dex+4}
 56545 | Vaults:5 | Got the Elucidation of Interference
 56946 | Vaults:5 | Identified the +1 plate armour "Suett" {rElec rC- Regen+}
 56965 | Vaults:5 | Got a silver rune of Zot
 56967 | Vaults:5 | Identified the +5 sling of Kuboenk {heavy, rPois Int+4}
 57941 | Slime:1  | Entered Level 1 of the Pits of Slime
 58217 | Slime:5  | Entered Level 5 of the Pits of Slime
 58269 | Slime:5  | Gained mutation: You occasionally lose the ability to drink
                  | potions when taking damage. [a shining eye]
 58272 | Slime:5  | Gained mutation: You are vulnerable to heat. (rF-) [a
                  | shining eye]
 58354 | Slime:5  | Noticed the Royal Jelly
 58372 | Slime:5  | Killed the Royal Jelly
 58496 | Slime:5  | Gained mutation: Your magical capacity is low. (-10% MP) [a
                  | shining eye]
 58618 | Slime:5  | Got a slimy rune of Zot
 58619 | Slime:5  | Identified the +7 whip of Koeppaisch {flame, Will+ Dex+6}
 58644 | Slime:5  | Identified the +3 leather armour "Ibipn" {Int+4}
 58685 | Slime:5  | Identified the +5 flail of Freehold {flame, Stlth+}
 58699 | Slime:5  | Identified the +0 leather armour of Insatiable Hunger
                  | {Int+3}
 58857 | Lair:4   | Lost mutation: Your magical capacity is low. (-10% MP)
                  | [potion of mutation]
 58857 | Lair:4   | Lost mutation: You are vulnerable to heat. (rF-) [potion of
                  | mutation]
 58857 | Lair:4   | Gained mutation: You passively dampen the noise of your
                  | surroundings. [potion of mutation]
 58857 | Lair:4   | Gained mutation: You occasionally shout uncontrollably at
                  | your foes. [potion of mutation]
 58857 | Lair:4   | Gained mutation: You expend magic power (3 MP) to
                  | strengthen your wands. [potion of mutation]
 58858 | Lair:4   | Lost mutation: You passively dampen the noise of your
                  | surroundings. [potion of mutation]
 58858 | Lair:4   | Lost mutation: You occasionally lose the ability to drink
                  | potions when taking damage. [potion of mutation]
 58858 | Lair:4   | Gained mutation: You sometimes lose your temper in combat.
                  | [potion of mutation]
 58858 | Lair:4   | Lost mutation: You sometimes lose your temper in combat.
                  | [potion of mutation]
 58858 | Lair:4   | Gained mutation: You have sharp fingernails. [potion of
                  | mutation]
 59110 | Zot:1    | Entered Level 1 of the Realm of Zot
 59271 | Zot:2    | Noticed an orb of fire
 59277 | Zot:2    | Gained mutation: You are clumsy. (Dex -2) [an orb of fire]
 59281 | Zot:2    | Gained mutation: You are weak. (Str -2) [an orb of fire]
 59283 | Zot:2    | Killed an orb of fire
 59452 | Zot:2    | Noticed a dread lich
 59470 | Zot:2    | Reached XP level 26. HP: 240/246 MP: 39/39
 59674 | Zot:5    | Entered Level 5 of the Realm of Zot
 60499 | Zot:4    | Found the +4 dragonskin cloak
 60499 | Zot:4    | Noticed Tiamat
 60526 | Zot:4    | Killed Tiamat
 60656 | Zot:4    | Identified the ring "Pyf Cus" {Ice Str+2 SInv Stlth+}
 60656 | Zot:4    | Noticed Josephina
 60676 | Zot:4    | Killed Josephina
 61307 | Zot:3    | Noticed an orb of fire
 61310 | Zot:3    | Gained mutation: Your body sometimes deteriorates upon
                  | taking damage. [an orb of fire]
 61316 | Zot:3    | Killed an orb of fire
 61317 | Zot:3    | Reached skill level 27 in Invocations
 62278 | Zot:2    | Reached skill level 27 in Fighting
 62344 | Zot:2    | Noticed an ancient lich
 62347 | Zot:2    | Found a transporter.
 62350 | Zot:2    | Found a shimmering blue altar of Sif Muna.
 62389 | Zot:2    | Noticed an orb of fire
 62455 | Zot:2    | Noticed a Killer Klown
 62519 | Zot:2    | Killed a Killer Klown
 62657 | Zot:2    | Reached XP level 27. HP: 221/273 MP: 40/40
 64463 | D:11     | You paid a toll of +2 gold dragon scales to enter a
                  | treasure trove
 64464 | Trove    | Entered a treasure trove
 64471 | Trove    | Identified the +2 executioner's axe "Axepia Hocei" {pain,
                  | Int+6}
 64481 | Trove    | Identified the +12 chain mail of Divine Intervention {Will+
                  | Int+4 Dex-2 SInv}
 64482 | Trove    | Identified the +0 crystal plate armour "Agotyc Polee"
                  | {rElec rC+ Int+3}
 64485 | Trove    | Identified the ring of Divine Intervention {*Slow rC++ AC+4
                  | Int+4}
 64491 | Trove    | Identified the amulet "Poicaupp" {Regen+ Str+7}
 64493 | Trove    | Identified the ring of Igilitz {rN+ AC+4}
 65342 | Zot:1    | Identified the +1 shortbow of Red Optimality {heavy, rC-
                  | rCorr Str+3}
 65819 | Zot:2    | Killed a dread lich
 65823 | Zot:2    | Lost mutation: You are clumsy. (Dex -2) [an orb of fire]
 65825 | Zot:2    | Gained mutation: You are clumsy. (Dex -2) [an orb of fire]
 65828 | Zot:2    | Killed an orb of fire
 65849 | Zot:2    | Killed an ancient lich
 65889 | Zot:2    | Identified the +0 pair of gloves "Aheptol" {Contam rF+
                  | Will++}
 65937 | Zot:2    | Found a transporter.
 66907 | Crypt:3  | Bought a potion of cancellation for 240 gold pieces
 66907 | Crypt:3  | Bought a wand of roots (3) for 216 gold pieces
 66907 | Crypt:3  | Bought a potion of curing for 90 gold pieces
 67257 | D:6      | Bought 2 potions of mutation for 400 gold pieces
 67257 | D:6      | Bought a wand of quicksilver (4) for 420 gold pieces
 67257 | D:6      | Bought a glowing plate armour for 650 gold pieces
 67257 | D:6      | Bought a shiny plate armour for 650 gold pieces
 67918 | Zot:5    | Noticed an orb of fire
 67930 | Zot:5    | Gained mutation: You are frail. (-10% HP) [an orb of fire]
 67934 | Zot:5    | Gained mutation: You are vulnerable to heat. (rF-) [an orb
                  | of fire]
 67936 | Zot:5    | Gained mutation: You are very weak. (Str -4) [an orb of
                  | fire]
 67940 | Zot:5    | Gained mutation: Your magical capacity is low. (-10% MP)
                  | [an orb of fire]
 67943 | Zot:5    | Gained mutation: Armour fits poorly on your strangely
                  | shaped body. [an orb of fire]
 67946 | Zot:5    | Killed an orb of fire
 67965 | Zot:5    | Lost mutation: You are vulnerable to heat. (rF-) [potion of
                  | mutation]
 67965 | Zot:5    | Lost mutation: You expend magic power (3 MP) to strengthen
                  | your wands. [potion of mutation]
 67965 | Zot:5    | Lost mutation: You are clumsy. (Dex -2) [potion of
                  | mutation]
 67965 | Zot:5    | Gained mutation: Your system is resistant to poisons.
                  | (rPois) [potion of mutation]
 67966 | Zot:5    | Lost mutation: You are frail. (-10% HP) [potion of
                  | mutation]
 67966 | Zot:5    | Lost mutation: You have sharp fingernails. [potion of
                  | mutation]
 67966 | Zot:5    | Gained mutation: Your magical capacity is very low. (-20%
                  | MP) [potion of mutation]
 67967 | Zot:5    | Lost mutation: You occasionally shout uncontrollably at
                  | your foes. [potion of mutation]
 67967 | Zot:5    | Lost mutation: Your body sometimes deteriorates upon taking
                  | damage. [potion of mutation]
 67967 | Zot:5    | Gained mutation: You sometimes lose your temper in combat.
                  | [potion of mutation]
 67967 | Zot:5    | Lost mutation: Your magical capacity is very low. (-20% MP)
                  | [potion of mutation]
 67967 | Zot:5    | Gained mutation: Your spells are a little harder to cast,
                  | but a little more powerful. [potion of mutation]
 67968 | Zot:5    | Lost mutation: Your system is resistant to poisons. (rPois)
                  | [potion of mutation]
 67968 | Zot:5    | Lost mutation: You sometimes lose your temper in combat.
                  | [potion of mutation]
 67968 | Zot:5    | Lost mutation: Your magical capacity is low. (-10% MP)
                  | [potion of mutation]
 67968 | Zot:5    | Gained mutation: You are covered in fur. (AC +1) [potion of
                  | mutation]
 68279 | Zot:5    | Noticed an ancient lich
 68293 | Zot:5    | Killed an ancient lich
 68420 | Zot:5    | Noticed an ancient lich
 68424 | Zot:5    | Noticed a dread lich
 68428 | Zot:5    | Noticed an ancient lich
 68438 | Zot:5    | Killed an ancient lich
 68442 | Zot:5    | Killed a dread lich
 68445 | Zot:5    | Killed an ancient lich
 68615 | Zot:5    | Noticed an orb of fire
 68618 | Zot:5    | Noticed an orb of fire
 68628 | Zot:5    | Gained mutation: You occasionally shout uncontrollably at
                  | your foes. [an orb of fire]
 68642 | Zot:5    | Gained mutation: You are dopey. (Int -2) [an orb of fire]
 68642 | Zot:5    | Gained mutation: You are clumsy. (Dex -2) [an orb of fire]
 68645 | Zot:5    | Killed an orb of fire
 68652 | Zot:5    | Killed an orb of fire
 69296 | Zot:5    | Lost mutation: You are covered in fur. (AC +1) [potion of
                  | mutation]
 69296 | Zot:5    | Lost mutation: You are dopey. (Int -2) [potion of mutation]
 69296 | Zot:5    | Lost mutation: You are clumsy. (Dex -2) [potion of
                  | mutation]
 69296 | Zot:5    | Gained mutation: You are resistant to electric shocks.
                  | (rElec) [potion of mutation]
 69296 | Zot:5    | Gained mutation: Your mind is acute. (Int +4, Str/Dex -1)
                  | [potion of mutation]
 69297 | Zot:5    | Lost mutation: You are resistant to electric shocks.
                  | (rElec) [potion of mutation]
 69297 | Zot:5    | Lost mutation: Armour fits poorly on your strangely shaped
                  | body. [potion of mutation]
 69297 | Zot:5    | Lost mutation: You are very weak. (Str -4) [potion of
                  | mutation]
 69297 | Zot:5    | Gained mutation: You have sharp toenails. [potion of
                  | mutation]
 69297 | Zot:5    | Gained mutation: You possess an exceptional clarity of
                  | mind. [potion of mutation]
 70342 | Zot:5    | Got the Orb of Zot
 70449 | Depths:4 | Noticed Waghun the pandemonium lord
 70680 | D:7      | Noticed Douklel the pandemonium lord
 70701 | D:6      | Noticed a seraph
 70783 | D:2      | Noticed Qeanlaf the pandemonium lord
 70836 | D:$      | Escaped with the Orb!

Illustrated notes

Levels and vault maps discovered:
D:1:      lemuel_arrival_muddy, layout_loops_ring
D:2:      layout_rooms, serial_co_window_serial, co_window_paths_a,
          co_window_cross_1, co_window_paths_a, co_window_paths_b,
          co_window_corner_a, co_window_cross_4, co_window_broadway_a,
          co_window_2corner, co_window_corner_ca, co_window_corner_ca,
          co_window_paths_c, co_window_paths_c, co_window_4corner_a,
          glass_columns_b, ebering_ecumenical_altar_petrified, uniq_natasha
D:3:      layout_basic, mainiacjoe_overflow_chevrons, mainiacjoe_overflow_paths,
          mainiacjoe_overflow_catwalk, minmay_distorted
D:4:      layout_basic, nemelex_dance_club_becter, kennysheep_path_1,
          minmay_joined_circles, uniq_pikel, uniq_grinder, uniq_duvessa,
          uniq_edmund
D:5:      layout_cave_pools, minmay_temple_entry_antechambers, serial_shops,
          shop
D:6:      layout_loops_ring, jmf_multi_god_temple2, serial_shops, shop_fountains
D:7:      layout_basic
D:8:      layout_basic, corexii_hall_statues_t
D:9:      layout_roguey
D:10:     layout_basic, mainiacjoe_overflow_concentric_impassable, orc_david_3,
          uniq_maggie, uniq_grum
D:11:     layout_long_grid, david_lair_shrubbed, enter_trove_0
D:12:     layout_basic, uniq_gastronok
D:13:     minmay_bubble_buster, layout_basic, fedhas_altar_4
D:14:     layout_irregular_city, hangedman_vaults_entry_quadrant_bands,
          kennysheep_small_spiral, uniq_nessos, uniq_agnes
D:15:     grunt_enter_depths_snipers, layout_basic, small_statue_intersection,
          gammafunk_ghost_split
Lair:1:   layout_cave_pods, grunt_megastairs_3, lemuel_fruit_fields,
          lemuel_fruit_fields, infiniplex_staircase_pool_2
Lair:2:   layout_chaotic_city, minmay_swamp_entry_worms,
          nicolae_spider_entry_non_spiders, nicolae_volcano_entry_lava_flow
Lair:3:   layout_chaotic_city, minmay_lindwurm_lava, serial_bayou_shore_b
Lair:4:   layout_long_grid, slime_entry_1
Lair:5:   evilmike_catoblepas_cave, layout_long_grid
Swamp:1:  cheibrodos_swamp_monstrosity, layout_falls_marsh,
          nicolae_swamp_tree_isthmus, swamp_pool4
Swamp:2:  layout_basic_swamp, ebering_ghost_rock_garden,
          evilmike_swamp_ruin_rubble_1
Swamp:3:  layout_basic_swamp, gammafunk_ghost_cemetery,
          evilmike_swamp_ruin_wall, uniq_louise
Swamp:4:  swamp_fiery, layout_basic_swamp, swamp_pool3
Spider:1: layout_spider_delve, drop_trap
Spider:2: layout_spider_delve
Spider:3: layout_spider_delve, nicolae_arachne_temple, uniq_roxanne
Spider:4: guppyfry_spider_rune, nicolae_spider_jagged_tunnels
Slime:1:  layout_caves
Slime:2:  layout_caves
Slime:3:  layout_caves
Slime:4:  layout_caves, cheibrodos_slime_lost_civilization_7
Slime:5
Orc:1:    layout_diamond_mine, basic_altar, serial_shops,
          nicolae_shop_advertising_works [nicolae_subvault_shop_adworks],
          mines1_david
Orc:2:    grunt_orc_tribal_feast, layout_caves
Elf:1:    nicolae_elf_arrival_aired_out, layout_loops_corners, orc_legates
Elf:2:    elven_hall_of_blades_hangedman_alternative [grunt_blade_entry_basic],
          layout_geoelf_octagon, gammafunk_ghost_arena, nrook_mini_backslash,
          glass_columns_b, uniq_jorgrun
Elf:3:    minmay_elf_hall, layout_rooms, serial_sigils_hangedman_quiver,
          uniq_aizul, uniq_bai_suzhen
Vaults:1: nicolae_vaults_mini_display_case, vaults_standard_mumra_x,
          nicolae_vaults_network_s, nicolae_vaults_network_star,
          nicolae_vaults_statue_guard, vaults_dpeg_ring,
          nicolae_vaults_network_quinsquares
          [nicolae_vaults_network_quincunx_subvault,
          nicolae_vaults_network_quincunx_subvault,
          nicolae_vaults_network_quincunx_subvault,
          nicolae_vaults_network_quincunx_subvault], nicolae_vaults_theta,
          layout_vaults_omnigrid
Vaults:2: v_misc_25, ontoclasm_vaults_eye, v_misc_26, v_misc_9,
          ontoclasm_vaults_spin, ontoclasm_vaults_gateway, v_rooms_2,
          ontoclasm_vaults_idyll, v_misc_5, nicolae_vaults_diagonal_hallway_7,
          layout_vaults_maze_snakey, uniq_jory
Vaults:3: v_rooms_6, v_misc_33, minmay_crypt_entry_necro_gods,
          ontoclasm_vaults_claustrophobia, vaults_mumra_chevron_long,
          vaults_room_grid, hangedman_vaults_maws,
          nicolae_vaults_little_squares_2, nicolae_vaults_puzzle_piece,
          dpeg_vaults_monster_row, ontoclasm_vaults_tryst, grunt_vaults_funnel,
          vaults_room_grid, v_alt_pattern_1, nicolae_vaults_little_squares_3,
          nicolae_vaults_gold_heap, vaults_room_pools, layout_vaults_omnibox,
          serial_shops, bzr_entry_water, uniq_mara, uniq_donald
Vaults:4: vaults_mumra_minichess, v_misc_12, v_misc_15, hangedman_vaults_cutoff,
          v_misc_3, vaults_room_large_hall, hangedman_vaults_unwind,
          nicolae_vaults_angled_halls, vaults_mumra_lcd, vaults_room_semicircle,
          v_pattern_4, nicolae_vaults_little_squares_5,
          grunt_vaults_hallway_short, layout_vaults_ring, serial_shops,
          nicolae_shop_hallway_stairs, uniq_saint_roka
Vaults:5: uniq_margery
Crypt:1:  layout_chaotic_city
Crypt:2:  layout_misc_corridors, ebering_ghost_rock_garden
Crypt:3:  lightli_unholy_cathedral, layout_chaotic_city,
          tomb_entry_pyramid_bobbens, ebering_ghost_gozag
Depths:1: layout_gridville, lemuel_coloured_pillars_altar, hell_entry,
          grunt_ministairs_11, minmay_misc_feat_x,
          hangedman_abyss_or_decor_stabs, minmay_misc_feat_rows,
          lemuel_flamethrower_3
Depths:2: four-leaf_vault, layout_basic, enter_ziggurat_d, pan_entry,
          hell_entry, kennysheep_generic_room_6
Depths:3: nicolae_BIG_FREAKIN_CUBE, layout_cave_pools, hell_entry, abyss_entry,
          rand_demon_pan_entry_1, ashenzari_altar_1
Depths:4: grunt_crosshair, layout_honeycomb, hangedman_abyss_entry_splay,
          hell_entry, serial_bayou_pond_a, grunt_gozag_statues
Zot:1:    layout_cathedral_of_symmetry
Zot:2:    gammafunk_sealed_library, layout_basic, st_stairs_7
Zot:3:    kennysheep_spiral_hall, layout_gridlike, lemuel_elevator,
          grunt_megastairs_1
Zot:4:    layout_gridlike, bh_zot_ikea_curve, grunt_megastairs_5,
          uniq_josephina, uniq_tiamat
Zot:5:    layout_cathedral_of_symmetry, lemuel_baited_zot_trap,
          skrybe_zot_glass_2

Skill      XL: |  1  2  3  4  5  6  7  8  9 10 11 12 13 14 15 16 17 18 19 20 21 22 23 24 25 26 27 |
---------------+----------------------------------------------------------------------------------+-----
Axes           | 3 4 5 6 7 9 11 14 16 18 20 | 20.0
Fighting       | 4 5 9 10 11 12 14 15 16 17 18 19 20 22 24 27 | 27.0
Dodging        | 2 4 5 7 8 9 10 11 13 15 | 15.3
Armour         | 1 2 3 4 6 8 10 11 12 13 15 16 17 18 20 23 | 23.5
Invocations    | 1 2 3 5 8 10 11 12 14 15 16 17 18 19 20 22 25 27 | 27.0
Evocations     | 1 2 3 5 6 8 9 10 11 12 13 15 16 18 20 | 20.3
Shields        | 5 10 11 12 13 14 15 17 | 17.5
Throwing       | 1 3 5 6 7 |  7.0
Translocations | 1 12 | 12.0
Stealth        | |  4.1

Action                   |  1- 3 |  4- 6 |  7- 9 | 10-12 | 13-15 | 16-18 | 19-21 | 22-24 | 25-27 || total
-------------------------+-------+-------+-------+-------+-------+-------+-------+-------+-------++-------
Melee: Hand axe          |    49 |   163 |   387 |   578 |   215 |       |       |       |       ||  1392
       Punch             |     1 |     2 |     5 |       |       |       |       |       |       ||     8
       Broad axe         |       |       |       |       |   804 |   845 |  1719 |  1151 |  1437 ||  5956
       Staff             |       |       |       |       |       |   158 |    22 |    11 |       ||   191
Throw: Dart              |       |    25 |    18 |   102 |   129 |     4 |   302 |   324 |   122 ||  1026
       Stone             |       |     6 |    66 |    34 |    48 |   102 |    72 |    54 |    71 ||   453
       Javelin           |       |     3 |       |       |       |       |       |     3 |    46 ||    52
       Boomerang         |       |       |       |       |   153 |   254 |    84 |     1 |    10 ||   502
Invok: Upheaval          |       |       |       |    14 |     7 |    18 |    12 |    11 |    12 ||    74
       Elemental Force   |       |       |       |       |       |     3 |       |       |       ||     3
       Disaster Area     |       |       |       |       |       |       |     1 |     6 |     5 ||    12
 Abil: Evoke the Staff o |       |       |       |       |       |   195 |    29 |    32 |       ||   256
Evoke: Wand              |       |     2 |    11 |    12 |     5 |    57 |    37 |    22 |    28 ||   174
       Lightning rod     |       |       |       |       |    10 |    10 |    16 |    11 |     3 ||    50
       Box of beasts     |       |       |       |       |     2 |     4 |     4 |       |     1 ||    11
       Tin of tremorston |       |       |       |       |       |       |    11 |    11 |    20 ||    42
       Condenser vane    |       |       |       |       |       |       |     4 |     5 |    13 ||    22
       Phantom mirror    |       |       |       |       |       |       |     1 |     2 |     4 ||     7
  Use: Scroll            |     1 |     1 |    10 |    10 |     7 |     2 |     5 |     9 |    18 ||    63
       Potion            |     1 |       |     2 |       |       |     2 |     1 |     2 |    26 ||    34
 Stab: Sleeping          |     1 |       |       |       |       |       |       |       |       ||     1
       Paralysed         |       |       |    23 |       |       |     7 |       |       |     3 ||    33
       Distracted        |       |       |     3 |    12 |    10 |     3 |       |       |     2 ||    30
       Petrified         |       |       |       |       |     9 |       |       |       |       ||     9
       Petrifying        |       |       |       |       |     1 |       |       |       |       ||     1
Armor: Leather armour    |    10 |     1 |       |       |       |       |       |       |       ||    11
       Scale mail        |       |    26 |       |       |       |       |       |       |       ||    26
       Plate armour      |       |    71 |   163 |   222 |   325 |   582 |   145 |       |       ||  1508
       Skin              |       |       |     3 |       |       |       |       |       |       ||     3
       Crystal plate arm |       |       |       |       |       |       |   432 |   535 |   315 ||  1282
       Gold dragon scale |       |       |       |       |       |       |       |       |   391 ||   391
Dodge: Dodged            |    34 |    44 |    73 |    87 |   307 |   576 |   451 |   315 |   354 ||  2241
       Repelled          |       |       |       |       |     8 |    29 |     9 |    23 |    39 ||   108
Block: Other             |       |     4 |    20 |       |       |       |       |       |       ||    24
       Orb               |       |       |     9 |    14 |       |       |       |       |       ||    23
       Buckler           |       |       |       |   113 |   540 |   834 |   222 |       |       ||  1709
       Kite shield       |       |       |       |       |       |       |  1196 |  1240 |  1268 ||  3704

Table legend: (Time is in decaauts)
 A = Elapsed time spent in this place.
 B = Non-inter-level travel time spent in this place.
 C = Inter-level travel time spent in this place.
 D = Time resting spent in this place.
 E = Time spent auto-exploring this place.
 F = Levels seen in this place.
 G = Mean time per level.
                   A        B        C        D        E       F      G
               +--------+--------+--------+--------+--------+-----+--------+
         Total |  69293 |  56219 |  13074 |   7078 |  33386 |  58 | 1194.7 |
       Dungeon |  20903 |  14818 |   6085 |   1859 |   9988 |  15 | 1393.5 |
          Lair |   6416 |   5287 |   1129 |    561 |   3648 |   5 | 1283.2 |
         Swamp |   3295 |   3058 |    237 |    256 |   1717 |   4 |  823.8 |
   Spider Nest |   4391 |   3995 |    396 |    528 |   2411 |   4 | 1097.8 |
    Slime Pits |    981 |    775 |    206 |    177 |     50 |   5 |  196.2 |
  Orcish Mines |   2509 |   1789 |    720 |    372 |    990 |   2 | 1254.5 |
   Elven Halls |   4603 |   4039 |    564 |    690 |   2137 |   3 | 1534.3 |
        Vaults |   8050 |   6851 |   1199 |    743 |   4282 |   5 | 1610.0 |
         Crypt |   4770 |   4440 |    330 |    814 |   2057 |   3 | 1590.0 |
        Depths |   4986 |   4259 |    727 |    402 |   2681 |   4 | 1246.5 |
           Zot |   7818 |   6341 |   1477 |    672 |   3282 |   5 | 1563.6 |
        Bazaar |    152 |    152 |      0 |      0 |     77 |   1 |  152.0 |
         Trove |     61 |     61 |      0 |      0 |      6 |   1 |   61.0 |
       Volcano |    352 |    352 |      0 |      0 |     57 |   1 |  352.0 |
               +--------+--------+--------+--------+--------+-----+--------+

Top non-repeatable levels by time:
     D:4: 2179 daAuts
   Zot:5: 2013 daAuts
 Crypt:3: 1905 daAuts
     D:9: 1896 daAuts
Vaults:1: 1877 daAuts
    D:14: 1803 daAuts
Depths:4: 1777 daAuts
Vaults:3: 1766 daAuts
    D:10: 1733 daAuts
    D:15: 1692 daAuts
   Zot:2: 1644 daAuts
   Elf:2: 1609 daAuts
     D:8: 1596 daAuts
Vaults:5: 1577 daAuts
   Zot:4: 1556 daAuts

Table legend:
 A = Kills in this place as a percentage of kills in entire the game.
 B = Kills by you in this place as a percentage of kills by you in the entire game.
 C = Kills by friends in this place as a percentage of kills by friends in the entire game.
 D = Other kills in this place as a percentage of other kills in the entire game.
 E = Experience gained in this place as a percentage of experience gained in the entire game.
 F = Experience gained in this place divided by the number of levels of this place that you have seen.
                   A       B       C       D       E      F
               +-------+-------+-------+-------+-------+----------------------
         Total | 100.0 | 100.0 | 100.0 | 100.0 | 100.0 | 25263.1
       Dungeon |  15.5 |  14.9 |  51.4 |  14.3 |   4.5 | 4400.0
          Lair |   7.1 |   7.2 |   0.0 |   0.0 |   3.1 | 9001.6
         Swamp |   5.7 |   5.8 |   0.0 |  14.3 |   4.7 | 17216.5
   Spider Nest |  10.6 |  10.5 |  17.1 |   0.0 |   7.6 | 27930.8
    Slime Pits |   4.9 |   5.0 |   2.9 |   0.0 |   4.5 | 13272.6
  Orcish Mines |   4.2 |   4.2 |   5.7 |   0.0 |   1.1 | 8316.0
   Elven Halls |   8.1 |   8.2 |   0.0 |  28.6 |   8.9 | 43425.0
        Vaults |  16.0 |  15.9 |  20.0 |  14.3 |  19.4 | 56857.0
         Crypt |   7.2 |   7.3 |   0.0 |   0.0 |   8.3 | 40715.3
        Depths |   8.4 |   8.6 |   0.0 |   0.0 |  11.5 | 42276.5
           Zot |  11.8 |  11.9 |   2.9 |  28.6 |  25.8 | 75693.4
       Volcano |   0.5 |   0.5 |   0.0 |   0.0 |   0.4 | 6391.0
               +-------+-------+-------+-------+-------+----------------------
